 Dungeon Crawl Stone Soup version 0.24.1 (webtiles) character file.

Game seed: 15910859925700545538, levelgen mode: deterministic

11 Destapler the Stinger (level 2, -2/20 HPs)
             Began as a Merfolk Venom Mage on Apr 3, 2020.
             Was an Initiate of the Shining One.
             Slain by a leopard gecko (3 damage)
             ... on level 1 of the Dungeon.
             The game lasted 00:02:15 (281 turns).

Destapler the Stinger (Merfolk Venom Mage)           Turns: 281, Time: 00:02:16

Health: -2/20      AC:  2    Str:  8    XL:     2   Next: 25%
Magic:  0/5        EV: 13    Int: 14    God:    the Shining One [......]
Gold:   0          SH:  0    Dex: 14    Spells: 4/5 levels left

rFire    . . .     SeeInvis .   e - +0 dagger
rCold    . . .     Gourm    .   (no shield)
rNeg     . . .     Faith    .   a - +0 robe
rPois    .         Spirit   .   (no helmet)
rElec    .         Reflect  .   (no cloak)
rCorr    .         Harm     .   (no gloves)
MR       .....                  (no boots)
Stlth    +.........             (no amulet)
HPRegen  0.06/turn              (no ring)
MPRegen  0.09/turn              (no ring)

@: glowing
A: change form in water, swift swim, stealthy swim
a: Renounce Religion


You were on level 1 of the Dungeon.
You worshipped the Shining One.
The Shining One was noncommittal.
You were not hungry.

You visited 1 branch of the dungeon, and saw 2 of its levels.

Inventory:

Hand Weapons
 e - a +0 dagger (weapon)
Armour
 a - a +0 robe (worn)
Scrolls
 d - a scroll of fog {unknown}
 h - a scroll of remove curse {unknown}
Potions
 b - 2 potions of curing {unknown}
 g - a potion of mutation {unknown}
Comestibles
 c - 3 rations
 f - 5 chunks of flesh


   Skills:
 + Level 0.7 Fighting
 - Level 2.6 Dodging
 - Level 2.1 Stealth
 + Level 2.2 Spellcasting
 - Level 0.7 Conjurations
 * Level 3.7 Poison Magic


You had 4 spell levels left.
You knew the following spells:

 Your Spells              Type           Power        Failure   Level  Hunger
a - Sting                 Conj/Pois      #...         10%         1    #......

Your spell library contained the following spells:

 Spells                   Type           Power        Failure   Level  Hunger
 Poisonous Vapours        Pois/Air       #.....       17%         2    ###....
 Mephitic Cloud           Conj/Pois/Air  #.......     36%         3    ###....
 Olgreb's Toxic Radiance  Pois           ##......     45%         4    #####..
 Venom Bolt               Conj/Pois      #.........   95%         5    ######.


Dungeon Overview and Level Annotations

Branches:
Dungeon (2/15)

Altars:
The Shining One


Message History

You see here a stone.
You kill the hobgoblin!
Casting: Sting (safe; 10% risk of failure)
Confirm with . or Enter, or press ? or * to list all spells.
Aiming: Sting (safe; 10% risk of failure)
Press: ? - help, Shift-Dir - straight line, f/p - leopard gecko
Aim: a leopard gecko (clinging)
The sting misses the leopard gecko.
The leopard gecko misses you. The leopard gecko closely misses you.
The leopard gecko bites you.
* * * LOW HITPOINT WARNING * * *
Casting: Sting (safe; 10% risk of failure)
Confirm with . or Enter, or press ? or * to list all spells.
Aiming: Sting (safe; 10% risk of failure)
Press: ? - help, Shift-Dir - straight line, f/p - leopard gecko
Aim: a leopard gecko (clinging)
The sting hits the leopard gecko.
The leopard gecko is poisoned.
The leopard gecko is moderately wounded.
The leopard gecko bites you.
You die...

#.### #..#
#...############..#####
###..K.lK..>..........#
#..###########..###.#
#####..# #..# .......#
#..#
#####.############K[###.##
#(........Kl.#........
############@..#.##...
###...# # #####


You could see a leopard gecko and a kobold.

Vanquished Creatures
  A bat (D:2)
  2 hobgoblins
  2 jackals
  A quokka (D:2)
  A frilled lizard (D:1)
  2 goblins (D:2)
9 creatures vanquished.

Notes
Turn   | Place    | Note
-------+----------+-------------------------------------------
     0 | D:1      | Destapler the Merfolk Venom Mage began the quest for the
                  | Orb.
     0 | D:1      | Reached XP level 1. HP: 13/13 MP: 3/3
    35 | D:1      | You fall into a shaft and drop 1 floor!
   142 | D:2      | Found a glowing golden altar of the Shining One.
   145 | D:2      | Became a worshipper of the Shining One
   165 | D:2      | Reached XP level 2. HP: 17/20 MP: 0/5
   240 | D:1      | HP: 1/20 [leopard gecko (4)]
   245 | D:1      | The Shining One protects you from harm!
   277 | D:1      | HP: 1/20 [leopard gecko (2)]
   281 | D:1      | Slain by a leopard gecko

Levels and vault maps discovered:
D:1:      dpeg_arrival_simpleton_a, layout_loops_ring
D:2:      layout_rooms, tso_oasis_becter, first_ration,
          chequers_ecumenical_altar_grove, fountainhead, minmay_pentomino_o4

Action                   || total
-------------------------++-------
Melee: Dagger            ||    12
       Unarmed           ||     1
       Tailslap          ||     1
 Cast: Sting             ||    19
 Stab: Sleeping          ||     1
Armor: Robe              ||     9
Dodge: Dodged            ||    30
